 Dungeon Crawl Stone Soup version 0.21-a0-178-g0b87683 (webtiles) character file.

2157 MackTheKnife the Covert (level 9, -17/48 HPs)
             Began as a Kobold Assassin on Aug 8, 2017.
             Was an Initiate of Okawaru.
             Demolished by a two-headed ogre
             ... wielding a +0 giant club
              (22 damage)
             ... on level 8 of the Dungeon on Aug 9, 2017.
             The game lasted 00:20:25 (9412 turns).

MackTheKnife the Covert (Kobold Assassin)           Turns: 9412, Time: 00:20:26

Health: -17/48     AC:  9    Str: 11    XL:     9   Next: 57%
Magic:  7/9        EV: 23    Int: 15    God:    Okawaru [......]
Gold:   172        SH:  0    Dex: 17    Spells: 5/8 levels left

rFire    . . .     SeeInvis .   a - +2 dagger
rCold    + . .     Gourm    .   (shield restricted)
rNeg     . . .     Faith    .   s - +2 leather armour {rC+}
rPois    .         Spirit   .   i - +1 helmet {Int+3}
rElec    .         Reflect  .   d - +0 cloak
rCorr    .         Harm     .   (no gloves)
MR       .....                  (no boots)
Stlth    +++++++...             (no amulet)
HPRegen  0.16/turn              k - ring of wizardry {Wiz+, !d}
MPRegen  0.11/turn              (no ring)

@: heroism
A: carnivore 3
a: Renounce Religion


You were on level 8 of the Dungeon.
You worshipped Okawaru.
Okawaru was noncommittal.
You were very full.

You visited 2 branches of the dungeon, and saw 9 of its levels.

You collected 317 gold pieces.
You spent 145 gold pieces at shops.

Inventory:

Hand Weapons
 a - a +2 dagger (weapon)
 b - a +4 blowgun
   (You found it on level 5 of the Dungeon)
 f - a +0 rapier
   (You found it on level 6 of the Dungeon)
Missiles
 e - 18 poisoned needles
Armour
 d - a +0 cloak (worn)
 i - a +1 helmet of intelligence (worn)
   (You found it on level 2 of the Dungeon)
 s - a +2 leather armour of cold resistance (worn)
   (You bought it in a shop on level 5 of the Dungeon)
Jewellery
 k - a ring of wizardry (left hand) {Wiz+, !d}
   (You found it on level 7 of the Dungeon)
 r - an uncursed ring of ice {rC+, rF-}
   (You found it on level 4 of the Dungeon)
Wands
 j - a wand of iceblast (9/15)
   (You found it on level 8 of the Dungeon)
Scrolls
 n - a scroll of fog
 o - a scroll of enchant weapon
 p - a scroll of magic mapping {!r}
 q - 4 scrolls of remove curse
Potions
 l - a potion of haste
Books
 c - a book of Conjurations
   (You found it on level 4 of the Dungeon)
Comestibles
 m - a meat ration {@e2}
 u - a royal jelly


   Skills:
 + Level 2.1(7.1) Fighting
 - Level 7.2(12.2) Short Blades
 - Level 2.1(7.1) Throwing
 - Level 7.1(12.1) Dodging
 - Level 13.4(18.4) Stealth


You had 5 spell levels left.
You knew the following spells:

 Your Spells              Type           Power        Failure   Level  Hunger
a - Dazzling Spray        Conj/Hex       #.....       38%         3    ####...


Dungeon Overview and Level Annotations

Branches:
Dungeon (8/15)             Temple (1/1) D:6
   Lair: D:8-11

Altars:
Ashenzari
Cheibriados
Dithmenos
Elyvilon
Fedhas
Gozag
Hepliaklqana
Kikubaaqudgha
Makhleb
Nemelex Xobeh
Okawaru
Qazlal
Ru
Sif Muna
Trog
Uskayaw
Vehumet
Wu Jian
Xom
Yredelemnul
Zin
The Shining One

Shops:
D:5 [

Annotations:
D:7 exclusion: ugly thing, oki's ghost, journeyman MiCK


Innate Abilities, Weirdness & Mutations

You are small and have problems with some larger weapons.
You are carnivorous and can eat meat at any time.


Message History

You see here a wand of iceblast (?/15).
j - a wand of iceblast (?/15)
A leopard gecko and a gnoll come into view.
The gnoll hits you from afar with a halberd!
* * * LOW HITPOINT WARNING * * *
You take 10 damage, and have 11/48 hp.
MASSIVE DAMAGE!!
You gain the combat prowess of a mighty hero.
The gnoll completely misses you.
You now have 7/9 mp.
The gnoll completely misses you.
You hit the gnoll. You hit the gnoll but do no damage. You hit the gnoll.
The gnoll completely misses you.
You hit the gnoll. You hit the gnoll.
You kill the gnoll!
Okawaru accepts your kill.
Things that are here:
a halberd; a gnoll corpse You butcher the gnoll corpse.
v - 2 chunks of flesh {@w0}
Things that are here:
a halberd; a gnoll skeleton You feel like a meek peon again.
Eating one of 2 chunks of flesh {@w0}.
You eat one of the 2 chunks of flesh {@w0}.
This raw flesh tastes great.
Eating a chunk of flesh {@w0}.
You eat the chunk of flesh {@w0}.
This raw flesh tastes great.
As you read the scroll labeled XODEISHR WAROUW, it crumbles to dust.
You assume a fearsome visage.
Nothing appears to happen.
It was a scroll of fear.
Okay, then.
You start resting.
A gnoll shaman comes into view. It is wielding a whip.
You regained 17 hp, and now have 31/48 hp.
MP restored: 9
Okay, then.
The gnoll shaman moves out of view.
You start resting.
Health restored: 48 You see here a halberd.
Okay, then.
You see here a halberd.
Save game and exit?
Welcome back, MackTheKnife the Kobold Assassin.
Okawaru says: Bring me glory in combat!
As you read the scroll of identify, it crumbles to dust.
j - a wand of iceblast (10/15) Drop what? 19/52 slots (_ for help) (? for menu, Esc to quit)
You drop a wand of iceblast (?/15) {empty}.
Okay, then.
Okay, then.
This spell is slightly dangerous to cast.
Memorise Dazzling Spray, consuming 3 spell levels and leaving 5?
You start memorising the spell.
You continue memorising. x3
You finish memorising.
Spell assigned to 'a'.
Wield which item (- for none, * to show all)? (? for menu, Esc to quit)
b - a +4 blowgun (weapon)
Aim: a two-headed ogre, wielding two giant clubs You shoot a poisoned needle.
The poisoned needle hits the two-headed ogre.
The two-headed ogre is poisoned.
Aim: a two-headed ogre, wielding two giant clubs (poisoned)
You shoot a poisoned needle.
The poisoned needle hits the two-headed ogre.
Aim: a two-headed ogre, wielding two giant clubs (poisoned)
You shoot a poisoned needle.
The poisoned needle hits the two-headed ogre.
The two-headed ogre looks even sicker.
You fail to use your ability.
You gain the combat prowess of a mighty hero.
You can no longer gain great but temporary skills.
The two-headed ogre completely misses you.
The two-headed ogre hits you with a giant club!
You take 11 damage, and have 37/48 hp.
MASSIVE DAMAGE!!
You now have 7/9 mp.
Aim: a two-headed ogre, wielding two giant clubs (lightly wounded, poisoned)
You shoot a poisoned needle.
The poisoned needle hits the two-headed ogre!
The two-headed ogre looks as sick as possible!
Unknown command.
Wield which item (- for none, * to show all)? (? for menu, Esc to quit)
a - a +2 dagger (weapon)
You hit the two-headed ogre.
The two-headed ogre hits you with a giant club!
The two-headed ogre hits you with a giant club!!
* * * LOW HITPOINT WARNING * * *
You take 33 damage, and have 4/48 hp.
MASSIVE DAMAGE!!
Okay, then.
The mass of ice explodes!
The iceblast engulfs the two-headed ogre.
This wand has 9 charges left.
You hear an angry hiss.
You hear a screech!
You hear a shout!
You hear two shouts!
You hear a shout! x2
The two-headed ogre hits you with a giant club!!
You die...

*,,...........,,,,,,,,,,,,,,,,,,,
,,,..........#*******************
,,,..........# ,,,..........#
,,,..........# ,,,..........###
,,,............#####
,,,.g......(.......#####
,,,.........((.O@......######
,,,............######../)...#
*,,.############ ######### *****


You could see a two-headed ogre.

Vanquished Creatures
  A phantom (D:6)
  3 ogres
  A sky beast (D:6)
  4 centaurs
  3 bullfrogs
  3 killer bees (D:7)
  3 scorpions
  A jelly (D:7)
  A howler monkey (D:6)
  3 crimson imps
  A hound (D:5)
  3 centaur zombies
  A quasit (D:5)
  A centaur skeleton (D:7)
  An orc priest (D:4)
  5 orc wizards
  2 iguanas
  5 worker ants
  A hound skeleton (D:6)
  A howler monkey zombie (D:5)
  A gnoll (D:8)
  8 adders
  A shadow imp (D:7)
  An ooze (D:4)
  2 worms (D:2)
  2 dart slugs
  6 leopard geckos
  15 orcs
  3 ball pythons (D:1)
  2 giant cockroaches (D:3)
  6 goblins
  10 hobgoblins
  9 jackals
  3 quokkas
  A ball python skeleton (D:4)
  7 bats
  A frilled lizard (D:1)
  3 kobolds
  A leopard gecko skeleton (D:5)
  4 rats
130 creatures vanquished.

Notes
Turn   | Place    | Note
-------+----------+-------------------------------------------
     0 | D:1      | MackTheKnife the Kobold Assassin began the quest for the Orb.
     0 | D:1      | Reached XP level 1. HP: 12/12 MP: 1/1
   129 | D:1      | Reached skill level 3 in Short Blades
   160 | D:1      | Reached XP level 2. HP: 16/17 MP: 2/2
   424 | D:1      | Reached XP level 3. HP: 21/21 MP: 3/3
   553 | D:1      | Reached skill level 6 in Stealth
  1178 | D:2      | Reached XP level 4. HP: 25/26 MP: 4/4
  1315 | D:2      | Reached skill level 4 in Short Blades
  1704 | D:3      | Reached skill level 7 in Stealth
  1704 | D:3      | Reached XP level 5. HP: 19/30 MP: 5/5
  2233 | D:4      | Reached skill level 5 in Short Blades
  2464 | D:4      | Noticed an ogre
  2471 | D:4      | Killed an ogre
  2471 | D:4      | Reached skill level 6 in Short Blades
  2471 | D:4      | Reached skill level 8 in Stealth
  2471 | D:4      | Reached XP level 6. HP: 35/35 MP: 6/6
  3153 | D:4      | HP: 8/35 [orc priest/divine providence (12)]
  3154 | D:4      | Reached skill level 9 in Stealth
  3154 | D:4      | Reached XP level 7. HP: 10/40 MP: 7/7
  3652 | D:4      | HP: 4/40 [ogre/giant club (20)]
  3688 | D:4      | HP: 7/40 [worker ant (2)]
  4228 | D:5      | Entered Level 5 of the Dungeon
  4291 | D:5      | Reached skill level 10 in Stealth
  4412 | D:5      | HP: 10/40 [iguana (12)]
  4676 | D:5      | Found Orowoh's Antique Armour Shop.
  4815 | D:5      | Bought a runed leather armour for 145 gold pieces
  4930 | D:5      | HP: 10/40 [ogre/giant club (10)]
  5252 | D:5      | Reached XP level 8. HP: 44/44 MP: 8/8
  5363 | D:6      | Found a staircase to the Ecumenical Temple.
  5369 | Temple   | Entered the Ecumenical Temple
  5489 | D:6      | HP: 10/44 [poisoned by a scorpion]
  5494 | D:6      | HP: 5/44 [poisoned by a scorpion]
  5496 | D:6      | Reached skill level 11 in Stealth
  5596 | D:6      | Reached skill level 7 in Short Blades
  6019 | D:6      | Reached skill level 2 in Dodging
  6181 | D:6      | Found an iron altar of Okawaru.
  6189 | D:6      | Became a worshipper of Warmaster Okawaru
  6310 | D:6      | Reached skill level 3 in Dodging
  6368 | D:6      | Reached skill level 4 in Dodging
  6368 | D:6      | Reached skill level 12 in Stealth
  7110 | D:7      | Noticed a purple ugly thing
  7226 | D:7      | Reached skill level 5 in Dodging
  7226 | D:7      | Reached XP level 9. HP: 48/48 MP: 9/9
  7867 | D:6      | Reached skill level 6 in Dodging
  7867 | D:6      | Reached skill level 13 in Stealth
  8206 | D:7      | Reached * piety under Okawaru
  8387 | D:8      | Noticed a two-headed ogre
  8626 | D:8      | Noticed a hippogriff
  8669 | D:8      | Noticed a two-headed ogre
  8883 | D:7      | Reached skill level 7 in Dodging
  9029 | D:7      | Noticed oki's ghost (journeyman MiCK)
  9106 | D:8      | HP: 11/48 [gnoll/halberd (10)]
  9353 | D:8      | Upgraded the game from 0.21-a0-176-gb3d4b37 to 0.21-a0-178-g0b87683
  9363 | D:8      | Learned a level 3 spell: Dazzling Spray
  9411 | D:8      | HP: 4/48 [two-headed ogre/giant club (18)]
  9412 | D:8      | Demolished by a two-headed ogre

Vault maps used:
D:1:      wheals_arrival_shading
D:4:      first_bread
D:5:      serial_shops, nicolae_shop_behind_doors, minmay_checkerbox,
          uniq_crazy_yiuf_cottage
D:6:      okawaru_gym_becter, minmay_temple_entry_enclosed_plants
D:8:      gammafunk_jiyva_shrine, serial_shops,
          nicolae_shop_temple_entry_statues_fountains, hangedman_ranch,
          lemuel_angel_altar
Temple:   nicolae_temple_the_god_donut

Skill      XL: |  1  2  3  4  5  6  7  8  9 |
---------------+----------------------------+-----
Short Blades   | 3 4 6 7 |  7.2
Stealth        | 6 7 8 9 10 12 13 | 13.4
Dodging        | 5 7 |  7.1
Fighting       | |  2.1
Throwing       | |  2.1

Action                   |  1- 3 |  4- 6 |  7- 9 || total
-------------------------+-------+-------+-------++-------
Melee: Dagger            |    99 |   170 |   592 ||   861
       Rapier            |       |       |   106 ||   106
 Fire: Blowgun           |       |     5 |    32 ||    37
Throw: Throwing net      |       |       |     5 ||     5
Invok: Heroism           |       |       |     4 ||     4
Evoke: Wand              |       |       |     6 ||     6
  Use: Scroll            |     6 |     3 |    10 ||    19
       Potion            |       |     1 |     5 ||     6
 Stab: Sleeping          |    11 |    11 |    10 ||    32
       Distracted        |     1 |       |       ||     1
  Eat: Chunk             |       |     5 |    20 ||    25
       Royal jelly       |       |     1 |       ||     1
       Meat ration       |       |       |     1 ||     1
Armor: Robe              |     4 |       |       ||     4
       Leather armour    |    15 |    20 |   127 ||   162
Dodge: Dodged            |    61 |    60 |   439 ||   560

Vault maps used:
D:1:      wheals_arrival_shading
D:4:      first_bread
D:5:      serial_shops, nicolae_shop_behind_doors, minmay_checkerbox,
          uniq_crazy_yiuf_cottage
D:6:      okawaru_gym_becter, minmay_temple_entry_enclosed_plants
D:8:      gammafunk_jiyva_shrine, serial_shops,
          nicolae_shop_temple_entry_statues_fountains, hangedman_ranch,
          lemuel_angel_altar
Temple:   nicolae_temple_the_god_donut

Table legend:
 A = Turns spent in this place as a percentage of turns spent in the entire game.
 B = Non-inter-level travel turns spent in this place as a percentage of non-inter-level travel turns spent in the entire game.
 C = Inter-level travel turns spent in this place as a percentage of turns spent in this place.
 D = Turns resting spent in this place as a percentage of non-inter-level travel turns spent in this place.
 E = Turns spent auto-exploring this place as a percentage of non-inter-level travel turns spent in this place.
 F = Non-inter-level travel turns spent in this place divided by the number of levels of this place that you've seen.
                   A       B       C       D       E      F
               +-------+-------+-------+-------+-------+----------------------
         Total | 100.0 | 100.0 |   0.4 |   2.2 |   5.9 | 358.6
       Dungeon |  98.1 |  98.1 |   0.4 |   2.3 |   6.0 | 395.8
        Temple |   1.9 |   1.9 |   0.0 |   0.0 |   0.0 |  61.0
               +-------+-------+-------+-------+-------+----------------------

Table legend:
 A = Kills in this place as a percentage of kills in entire the game.
 B = Kills by you in this place as a percentage of kills by you in the entire game.
 C = Kills by friends in this place as a percentage of kills by friends in the entire game.
 D = Other kills in this place as a percentage of other kills in the entire game.
 E = Experience gained in this place as a percentage of experience gained in the entire game.
 F = Experience gained in this place divided by the number of levels of this place that you have seen.
                   A       B       C       D       E      F
               +-------+-------+-------+-------+-------+----------------------
         Total | 100.0 | 100.0 |  -nan |  -nan | 100.0 | 342.4
       Dungeon | 100.0 | 100.0 |  -nan |  -nan | 100.0 | 385.2
               +-------+-------+-------+-------+-------+----------------------
